 Dungeon Crawl Stone Soup version 0.30-a0-778-g2ef04afb54 (webtiles) character file.

Game seed: 13079365156391225451

651 mopl the Insei (level 7, -8/47 HPs)
             Began as a Djinni Transmuter on Feb 15, 2023.
             Mangled by a two-headed ogre
             ... wielding a +0 giant club
              (28 damage)
             ... on level 5 of the Dungeon.
             The game lasted 00:04:14 (4004 turns).

mopl the Insei (Djinni Transmuter)                  Turns: 4004, Time: 00:04:14

Health: -8/47      AC:  3    Str: 11    XL:     7   Next: 84%
Gold:   273        EV: 12    Int: 14    God:
                   SH:  0    Dex: 14

rFire   + + .      SeeInvis +    e - +1 whip (venom)
rCold   . . .      Faith    .    (no shield)
rNeg    . . .      Spirit   .    a - +0 robe
rPois   ∞          Reflect  .    (no helmet)
rElec   .          Harm     .    i - +0 cloak
rCorr   .          Rampage  .    (no gloves)
Will    .....                    (boots unavailable)
Stlth   +                        (no amulet)
HPRegen 0.27/turn                d - ring of see invisible
MPRegen 0.00/turn                h - ring of protection from cold

@: flying
A: sickness immunity, fire resistance 2, cold vulnerability 1, float, innate
caster, HP casting, extra vitality 1
a: no special abilities


You were on level 5 of the Dungeon.
You visited 1 branch of the dungeon, and saw 5 of its levels.

You collected 273 gold pieces.

Inventory:

Hand Weapons
 e - a +1 whip of venom (weapon)
Missiles
 k - 5 curare-tipped darts
 v - 6 poisoned darts
Armour
 a - a +0 robe (worn)
 i - a +0 cloak (worn)
Jewellery
 d - a ring of see invisible (left hand)
 h - a ring of protection from cold (right hand)
Wands
 s - a wand of digging (2)
Scrolls
 c - a scroll of enchant weapon {unknown}
 f - a scroll of magic mapping {unknown}
 l - a scroll of vulnerability {unknown}
 m - 3 scrolls of identify {unknown}
 o - a scroll of butterflies {unknown}
 q - a scroll of poison {unknown}
 r - a scroll of teleportation {unknown}
 w - a scroll of noise {unknown}
 x - a scroll of fear {unknown}
Potions
 b - a potion of lignification {!q}
 g - a potion of haste {unknown}
 j - a potion of curing {unknown}
 n - a potion of attraction {unknown}
 p - 3 potions of heal wounds {unknown}
 t - a potion of resistance {unknown}
 u - 2 potions of brilliance {unknown}


   Skills:
 - Level 1.0 Fighting
 - Level 2.1 Dodging
 * Level 7.2 Unarmed Combat
 + Level 3.7 Spellcasting


You couldn't memorise any spells.
You knew the following spells:

 Your Spells              Type           Power      Damage    Failure   Level
a - Beastly Appendage     Tmut           26%        N/A       4%          1
b - Spider Form           Tmut/Pois      13%        N/A       13%         3
c - Foxfire               Conj/Fire      52%        2x1d6     4%          1
d - Ice Form              Ice/Tmut       13%        N/A       38%         4
e - Scorch                Fire           26%        2d6       6%          2
f - Summon Guardian Gole  Hex/Summ       13%        N/A       13%         3
w - Wereblood             Tmut           13%        N/A       6%          2
Your spell library was empty.

Dungeon Overview and Level Annotations

Branches:
Dungeon (5/15)
 Temple: D:4-7

Altars:
Trog
Wu Jian

Shops:
D:1 (   D:2 :


Innate Abilities, Weirdness & Mutations

You are immune to sickness and miasma.
You are immune to poison.
Your flesh is very heat resistant. (rF++)
You are vulnerable to cold. (rC-)
You float through the air rather than walking.
You learn spells naturally, not from books.
Your magical power is your life essence.
You have superior vitality. (+4 MHP)


Message History

The dart slug launches a dart at you. The slug dart hits you.
The dart slug launches a dart at you. The slug dart misses you.
The slug dart hits the dart slug.
You hit the dart slug.
The dart slug is almost dead.
The dart slug launches a dart at you. The slug dart misses you.
The dart slug launches a dart at you. The slug dart hits you.
You hit the dart slug.
You kill the dart slug!
The dart slug launches a dart at you. The slug dart hits you.
You hit the dart slug.
The dart slug is heavily wounded.
The dart slug launches a dart at you. The slug dart hits you.
The dart slug launches a dart at you. The slug dart misses you.
You hit the dart slug.
The dart slug is poisoned.
The dart slug is severely wounded.
The dart slug launches a dart at you. The slug dart hits you.
You hit the dart slug.
The dart slug looks as sick as possible!
The dart slug is almost dead.
You kill the dart slug!
The dart slug launches a dart at you. The slug dart hits you.
You see here a dart slug corpse.
Unknown command.
The dart slug closely misses you.
Unknown command.
You whack the dart slug!
The dart slug is poisoned.
The dart slug is severely wounded.
You kill the dart slug!
The two-headed ogre hits you with a +0 giant club!!
Ouch! That really hurt!
You die...

.....~#≈≈$~.?≈≈≈≈~.
#..~~≈≈≈~~$~≈≈≈#~≈
.##.~~~~≈≈~~.~~≈≈≈~≈~
#....~≈≈~≈≈~⌠<.~~~~#≈~
#.....~≈~~~~.<.~≈≈~~≈.
.....~≈≈#†w~...≈≈≈≈~#~
.....~~≈≈≈≈≈~.~#≈≈≈~~~
......~~≈#≈~[O~≈≈≈≈≈≈#
.......≈≈≈≈≈..@≈≈≈≈~.#
.#....~≈≈≈~.(~≈≈≈≈~..
#.....~~≈#≈≈≈≈≈≈#...
#.......~≈~#~≈#w....
#.......##≈#.≈~##...#
........#####...# ...#
....#.... ...# ...
....##### ...## .# ...


You could see a two-headed ogre and 2 dart slugs.

Vanquished Creatures
  Sigmund (D:3)
  A sky beast (D:4)
  A howler monkey (D:4)
  2 hounds (D:4)
  An orc priest (D:4)
  A jelly (D:4)
  2 iguanas (D:4)
  An orc wizard (D:4)
  5 adders
  An ufetubus (D:4)
  2 worms (D:4)
  11 dart slugs
  8 orcs
  6 bats
  9 endoplasms
  4 giant cockroaches
  5 goblins
  6 hobgoblins
  4 quokkas
  3 ball pythons
  7 frilled lizards
  8 kobolds
  9 rats
98 creatures vanquished.

Notes
Turn   | Place    | Note
-------+----------+-------------------------------------------
     0 | D:1      | mopl the Djinni Transmuter began the quest for the Orb.
     0 | D:1      | mopl set off with the following spells memorised: Beastly
                  | Appendage, Wereblood, Spider Form, Ice Form.
     0 | D:1      | Reached XP level 1. HP: 17/17 MP: 0/0
   317 | D:1      | Reached XP level 2. HP: 16/22 MP: 0/0
   328 | D:1      | Found Kyec's Antique Weapon Boutique.
   620 | D:1      | Reached XP level 3. HP: 23/27 MP: 0/0
   620 | D:1      | Learned a level 1 spell: Foxfire
   730 | D:1      | Reached skill level 2 in Spellcasting
  1153 | D:2      | Reached skill level 4 in Unarmed Combat
  1189 | D:2      | Found Tumuex's Book Boutique.
  1269 | D:2      | Reached XP level 4. HP: 21/32 MP: 0/0
  1715 | D:3      | Found a faded altar of an unknown god.
  1877 | D:3      | Noticed Sigmund
  1885 | D:3      | Killed Sigmund
  1886 | D:3      | Reached skill level 5 in Unarmed Combat
  1886 | D:3      | Reached XP level 5. HP: 32/37 MP: 0/0
  1886 | D:3      | Learned a level 2 spell: Scorch
  1886 | D:3      | Reached XP level 6. HP: 36/42 MP: 0/0
  1904 | D:3      | Reached skill level 3 in Spellcasting
  2480 | D:4      | Reached skill level 6 in Unarmed Combat
  2680 | D:4      | Reached XP level 7. HP: 19/47 MP: 0/0
  2680 | D:4      | Learned a level 3 spell: Summon Guardian Golem
  2871 | D:4      | Found an ornate altar of the Wu Jian Council.
  3272 | D:4      | Found a bloodstained altar of Trog.
  3551 | D:4      | Reached skill level 7 in Unarmed Combat
  3964 | D:5      | Entered Level 5 of the Dungeon
  3964 | D:5      | Noticed a two-headed ogre
  4004 | D:5      | Mangled by a two-headed ogre

Illustrated notes

Levels and vault maps discovered:
D:1:      reono_arrival_forest_river, layout_loops_corners, serial_shops,
          nicolae_shop_stone
D:2:      layout_rooms, serial_shops, nicolae_shop_statue_plus,
          chequers_serial_rivers_micro_b
D:3:      layout_basic, serial_corexii_hall, corexii_hall_statues_i,
          corexii_hall_statues_t, corexii_hall_statues_deadend,
          ebering_ecumenical_altar_abandoned, grunt_ministairs_13, uniq_sigmund
D:4:      layout_loops_corners, nicolae_wu_jian_wuxing_cycle,
          lemuel_crystal_altar
D:5:      kennysheep_slugbush, layout_cave_pools,
          lightli_ossuary_entry_decrepit_ruins, kennysheep_generic_room_4

Skill      XL: |  1  2  3  4  5  6  7 |
---------------+----------------------+-----
Spellcasting   | 2 3 |  3.7
Unarmed Combat | 4 5 6 7 |  7.2
Fighting       | |  1.0
Dodging        | |  2.1

Action                     |  1- 3 |  4- 6 |  7- 9 || total
---------------------------+-------+-------+-------++-------
  Melee: Unarmed           |    10 |       |       ||    10
         Whip              |    99 |   112 |    85 ||   296
         Punch             |     3 |     4 |     2 ||     9
  Throw: Dart              |       |     1 |       ||     1
   Cast: Beastly Appendage |     3 |     1 |       ||     4
   Stab: Sleeping          |     3 |     2 |       ||     5
 Armour: Robe              |    20 |    18 |    20 ||    58
  Dodge: Dodged            |    57 |    59 |    51 ||   167

Table legend: (Time is in decaauts)
 A = Elapsed time spent in this place.
 B = Non-inter-level travel time spent in this place.
 C = Inter-level travel time spent in this place.
 D = Time resting spent in this place.
 E = Time spent auto-exploring this place.
 F = Levels seen in this place.
 G = Mean time per level.
                   A        B        C        D        E       F      G
               +--------+--------+--------+--------+--------+-----+--------+
         Total |   4030 |   3827 |    203 |    698 |   2397 |   5 |  806.0 |
       Dungeon |   4030 |   3827 |    203 |    698 |   2397 |   5 |  806.0 |
               +--------+--------+--------+--------+--------+-----+--------+

Top non-repeatable levels by time:
     D:4: 1532 daAuts
     D:1: 1076 daAuts
     D:3: 938 daAuts
     D:2: 443 daAuts
     D:5: 40 daAuts
